 Dungeon Crawl Stone Soup version 0.32-a0-913-g739538afd8 (webtiles) character file.

Game seed: 16692425506820822972

2582 jasper the Magician (level 9, -3/39 HPs)
             Began as a Spriggan Summoner on Apr 6, 2024.
             Was a Follower of Kikubaaqudgha.
             Slain by an acid dragon (5 damage)
             ... on level 8 of the Dungeon on Apr 7, 2024.
             The game lasted 00:31:07 (8694 turns).

jasper the Magician (Spriggan Summoner)             Turns: 8694, Time: 00:31:07

Health: -3/39      AC: -1    Str:  4    XL:     9   Next: 32%
Magic:  14/19      EV: 15    Int: 20    God:    Kikubaaqudgha [*.....]
Gold:   205        SH:  5    Dex: 16    Spells: 0/20 levels left

rFire   + . .        y - +0 rapier (venom)
rCold   + . .        i - +0 buckler
rNeg    . . .        a - +1 robe
rPois   +            (helmet restricted)
rElec   +            (no cloak)
rCorr   +            (gloves unavailable)
SInv    +            (boots unavailable)
Will    +....        (no amulet)
Stlth   ++           v - ring of flight
HPRegen 0.26/turn    (no ring)
MPRegen 0.16/turn

%: no passive effects
@: resistant, corroded, unable to call your familiar, flying, very quick
A: very small, no large weapons, unfitting armour, see invisible, speed 3
a: Renounce Religion, Unearth Wretches


You were on level 8 of the Dungeon.
You worshipped Kikubaaqudgha.
Kikubaaqudgha was aware of your devotion.
You visited 1 branch of the dungeon, and saw 8 of its levels.

You collected 413 gold pieces.
You spent 208 gold pieces at shops.

Inventory:

Hand Weapons
 c - a +0 dagger
 d - a +0 falchion of electrocution
 g - the +8 mace "Xoagh" {holy, *Rage ^Fragile rElec rCorr}
   (You found it on level 2 of the Dungeon)

   rElec:     It insulates you from electricity.
   *Rage:     It berserks you when you make melee attacks (+20% chance).
   rCorr:     It protects you from acid and corrosion.
   ^Fragile:  It will be destroyed if unequipped.
 m - a +2 war axe of electrocution
 w - a +1 whip of pain
 y - a +0 rapier of venom (weapon)
Missiles
 h - 6 poisoned darts
 t - 54 stones
Armour
 a - a +1 robe (worn)
 i - a +0 buckler (worn)
Jewellery
 v - a ring of flight (left hand)
Wands
 x - a wand of flame (35)
Scrolls
 l - a scroll of poison {unknown}
 p - 2 scrolls of fog
 r - 2 scrolls of fear
 s - 2 scrolls of teleportation
 u - 3 scrolls of identify
 z - 2 scrolls of amnesia
Potions
 b - a potion of might {unknown}
 e - 2 potions of lignification
 f - a potion of ambrosia
 j - a potion of cancellation
 k - a potion of curing
 n - a potion of brilliance


   Skills:
 - Level 2.6 Dodging
 - Level 3.0 Stealth
 - Level 5.0 Shields
 + Level 6.0 Spellcasting
 + Level 5.9 Summonings
 - Level 1.1 Necromancy
 - Level 4.0 Translocations
 - Level 5.0 Fire Magic
 + Level 2.7 Air Magic


You couldn't memorise any spells.
You knew the following spells:

 Your Spells              Type           Power      Damage    Failure   Level
a - Summon Small Mammal   Summ           100%       N/A       1%          1
b - Call Imp              Summ           58%        N/A       2%          2
c - Blink                 Tloc           44%        N/A       5%          2
d - Call Canine Familiar  Summ           29%        N/A       4%          3
e - Summon Blazeheart Go  Fire/Summ      28%        N/A       19%         4
f - Summon Lightning Spi  Summ/Air       23%        N/A       30%         4
g - Animate Dead          Necr           10%        N/A       75%         4

Your spell library contained the following spells:

 Spells                   Type           Power      Damage    Failure   Level
 Lesser Beckoning         Tloc           44%        N/A       5%          2
 Necrotise                Necr           40%        1d6       12%         1
 Momentum Strike          Conj/Tloc      28%        3d8       12%         2
 Mercury Vapours          Alch/Air       22%        N/A       16%         2
 Static Discharge         Conj/Air       22%        3-4/arc   16%         2
 Cigotuvi's Dreadful Rot  Necr/Alch/Air  22%        N/A       17%         2
 Slow                     Hex            24%        N/A       19%         1
 Sublimation of Blood     Necr           10%        N/A       19%         2
 Vampiric Draining        Necr           10%        2d6       34%         3
 Mephitic Cloud           Conj/Alch/Air  9%         N/A       36%         3
 Martyr's Knell           Necr/Summ      20%        N/A       41%         4
 Confusing Touch          Hex            6%         N/A       50%         3
 Airstrike                Air            8%         2d(2-18)  52%         4
 Dispel Undead            Necr           10%        3d9       75%         4
 Freezing Cloud           Conj/Ice/Air   4%         6-21      98%         5
 Conjure Ball Lightning   Conj/Air       5%         3x3d6     100%        6
 Discord                  Hex            3%         N/A       100%        8
 Disjunction              Tloc           11%        N/A       100%        8


Dungeon Overview and Level Annotations

Branches:
Dungeon (8/15)             Temple (0/1) D:7
   Lair: D:8-11

Altars:
Gozag
Hepliaklqana
Kikubaaqudgha
Nemelex Xobeh
Qazlal
Trog
Uskayaw
Vehumet
Wu Jian
Xom
Yredelemnul

Shops:
D:4 ?

Annotations:
D:7 1 runed translucent door, Maurice; Rohain's ghost, journeyman GnWr


Innate Abilities, Weirdness & Mutations

You are very small and have problems with some larger weapons.
You are too small for most types of armour.
You have supernaturally acute eyesight. (SInv)
You cover ground extremely quickly. (Speed+++)


Message History

Your inugami misses the acid dragon.
Your cerulean imp closely misses the acid dragon.
The acid dragon barely misses your inugami. x2
Your inugami hits the acid dragon.
Your cerulean imp hits the acid dragon but does no damage.
The acid dragon spits acid at you. The splash of acid hits your inugami!!
The acid corrodes your inugami!
Your inugami dies!
Your inugami disappears in a puff of smoke!
Your cerulean imp barely misses the acid dragon.
Your cerulean imp barely misses the acid dragon.
The acid dragon closely misses you. The acid dragon barely misses you.
You barely miss the acid dragon.
The acid dragon is severely wounded.
Your cerulean imp hits the acid dragon with a -2 spear.
The acid dragon spits acid at you. The splash of acid hits you!!
Ouch! That really hurt!
* * * LOW HITPOINT WARNING * * *
The acid corrodes you!
You hear a shout!
You take 28 damage, and have 11/39 hp.
MASSIVE DAMAGE!!
You hit the acid dragon but do no damage.
The acid dragon is poisoned.
The acid dragon is severely wounded.
You hear a shout! x2
Your cerulean imp hits the acid dragon with a -2 spear.
An orc wizard comes into view. It is wielding a +0 dagger.
The acid dragon barely misses you. The acid dragon completely misses you.
Your cerulean imp hits the acid dragon with a -2 spear.
The acid dragon closely misses you. The acid dragon misses you.
Your cerulean imp completely misses the acid dragon.
The acid dragon closely misses you. x2
You feel protected.
Your cerulean imp hits the acid dragon but does no damage.
The acid dragon bites you!
* * * LOW HITPOINT WARNING * * *
The acid dragon claws you.
You die...
Kikubaaqudgha rasps: You have failed me!
Welcome... death!

~..........#..........#...
~....o.....#...########...
...........#..#########...
####....#>.............
#.................#.
#...###############.
#.5........ ######.
#####.D..........#......
.......@.........#......
........~........#......
#........~........#.....<
#.......~≈~...~..........
#...~$...............~...
#.~~~....~~....).......h.
..~.....~~~...÷.....~~~.
.........~~...........~.
................


You could see an acid dragon (very poisoned, ally target), an orc wizard and a
friendly cerulean imp (summoned).

Vanquished Creatures
  2 humans (D:6)
  An ice beast (D:6)
  A black bear (D:5)
  A centaur (D:8)
  2 phantoms (D:7)
  2 bullfrogs
  A howler monkey (D:7)
  An electric eel (D:8)
  A bombardier beetle (D:5)
  An orc priest (D:4)
  2 orc wizards (D:4)
  Terence (D:3)
  Robin (D:3)
  3 adders
  A white imp (D:5)
  A nameless horror (D:6)
  An ufetubus (D:5)
  A dart slug (D:5)
  2 ribbon worms
  3 orcs
  3 endoplasms
  A giant cockroach (D:1)
  9 goblins
  6 hobgoblins
  3 kobolds (D:3)
  3 quokkas (D:1)
  2 ball pythons
  3 bats
  A frilled lizard (D:1)
60 creatures vanquished.

Vanquished Creatures (collateral kills)
  A wyvern (D:7)
  A water moccasin (D:7)
  2 ogres
  A kobold brigand (D:7)
  2 scorpions
  3 bullfrogs
  5 killer bees (D:7)
  A howler monkey (D:7)
  A quasit (D:5)
  2 bombardier beetles
  A jelly (D:5)
  4 iguanas
  2 sleepcaps
  An orc wizard (D:4)
  4 adders
  A shadow imp (D:7)
  2 dart slugs
  2 ribbon worms (D:2)
  7 orcs
  6 endoplasms
  A giant cockroach (D:1)
  9 goblins
  A hobgoblin (D:3)
  4 jackals (D:1)
  3 quokkas (D:1)
  9 ball pythons
  3 bats (D:1)
  4 frilled lizards
  10 kobolds
  4 rats
97 creatures vanquished.

Vanquished Creatures (others)
  An orc (D:7)
1 creature vanquished.

Grand Total: 158 creatures vanquished

Notes
Turn   | Place    | Note
-------+----------+-------------------------------------------
     0 | D:1      | jasper the Spriggan Summoner began the quest for the Orb.
     0 | D:1      | Reached XP level 1. HP: 9/9 MP: 5/5
    77 | D:1      | Reached skill level 3 in Spellcasting
   184 | D:1      | Reached XP level 2. HP: 13/13 MP: 4/7
   187 | D:1      | Learned a level 2 spell: Call Imp
   253 | D:1      | Learned a level 2 spell: Blink
   605 | D:1      | Reached skill level 1 in Translocations
   709 | D:1      | Reached XP level 3. HP: 16/16 MP: 5/9
   713 | D:1      | Learned a level 3 spell: Call Canine Familiar
  1516 | D:2      | Identified the +8 mace "Xoagh" {holy, *Rage ^Fragile rElec
                  | rCorr}
  1623 | D:2      | Reached skill level 4 in Spellcasting
  1902 | D:2      | Reached XP level 4. HP: 18/21 MP: 8/11
  2405 | D:3      | Noticed Robin
  2407 | D:3      | Noticed Terence
  2473 | D:3      | Killed Terence
  2473 | D:3      | Killed Robin
  2474 | D:3      | Reached XP level 5. HP: 15/24 MP: 1/12
  2619 | D:3      | Found an ancient bone altar of Kikubaaqudgha.
  2632 | D:3      | Became a worshipper of Kikubaaqudgha
  2652 | D:3      | Learned a level 4 spell: Summon Blazeheart Golem
  2652 | D:3      | You fall into a shaft and drop 3 floors!
  2717 | D:6      | Upgraded the game from 0.32-a0-909-gc671339a80 to
                  | 0.32-a0-913-g739538afd8
  2720 | D:5      | Entered Level 5 of the Dungeon
  2720 | D:5      | Noticed a black bear
  2734 | D:5      | Killed a black bear
  2735 | D:5      | Reached skill level 1 in Fire Magic
  2956 | D:5      | Reached XP level 6. HP: 28/28 MP: 7/14
  2967 | D:5      | HP: 1/28 [sleepcap (20)]
  2972 | D:5      | Reached skill level 5 in Spellcasting
  3880 | D:4      | Found Saqil's Magic Scroll Shoppe.
  3929 | D:4      | Bought a scroll of fear for 52 gold pieces
  3929 | D:4      | Bought a scroll of teleportation for 39 gold pieces
  3929 | D:4      | Bought a scroll of teleportation for 39 gold pieces
  3929 | D:4      | Bought a scroll of fog for 52 gold pieces
  3929 | D:4      | Bought a scroll of identify for 26 gold pieces
  4304 | D:3      | Reached skill level 1 in Shields
  4443 | D:3      | Reached XP level 7. HP: 24/32 MP: 16/16
  4570 | D:4      | Reached * piety under Kikubaaqudgha
  4570 | D:4      | Received a gift from Kikubaaqudgha
  4584 | D:4      | Learned a level 4 spell: Summon Lightning Spire
  5043 | D:4      | Reached skill level 1 in Air Magic
  5253 | D:5      | Reached skill level 1 in Necromancy
  5645 | D:6      | Noticed a human
  5736 | D:6      | Noticed a human
  5738 | D:6      | Noticed a human
  5896 | D:7      | Reached skill level 6 in Spellcasting
  5927 | D:7      | Found a staircase to the Ecumenical Temple.
  6001 | D:7      | Reached XP level 8. HP: 35/36 MP: 18/18
  6022 | D:7      | Reached skill level 5 in Summonings
  6589 | D:7      | Reached skill level 5 in Fire Magic
  6866 | D:7      | Noticed a manticore
  6978 | D:6      | Found a hide-covered altar of Uskayaw.
  6978 | D:6      | Found a sparkling altar of Nemelex Xobeh.
  6980 | D:6      | Found a bloodstained altar of Trog.
  6981 | D:6      | Found an opulent altar of Gozag.
  6981 | D:6      | Found a hazy altar of Hepliaklqana.
  6981 | D:6      | Found a stormy altar of Qazlal.
  6983 | D:6      | Found an ornate altar of the Wu Jian Council.
  6983 | D:6      | Found a radiant altar of Vehumet.
  6983 | D:6      | Found a basalt altar of Yredelemnul.
  7489 | D:6      | Reached XP level 9. HP: 28/39 MP: 15/19
  7494 | D:6      | Learned a level 4 spell: Animate Dead
  8018 | D:7      | Noticed Maurice
  8106 | D:7      | Maurice stole a staff of conjuration
  8152 | D:7      | Found a shimmering altar of Xom.
  8152 | D:7      | Noticed Rohain's ghost (journeyman GnWr)
  8153 | D:7      | Found a runed translucent door.
  8153 | D:7      | Noticed a +1 scimitar of chaos
  8364 | D:8      | Reached skill level 5 in Shields
  8694 | D:8      | Slain by an acid dragon

Illustrated notes

Levels and vault maps discovered:
D:1:      erik_arrival_cave_to_civilisation [erik_arrival_cave_to_hall],
          layout_basic, corexii_corridor_pit, minmay_split_cup_large
D:2:      kb_forest_paths, layout_rooms
D:3:      layout_basic, mainiacjoe_overflow_cross_hatched, uniq_terence,
          uniq_robin
D:4:      layout_cave_pools, nicolae_inconvenience_store
D:5:      layout_cave_pods, serial_demonic, serial_demonic_f, serial_demonic_c,
          serial_demonic_e, serial_demonic_b
D:6:      layout_gridville, nicolae_overflows_in_rows, enter_ossuary_3,
          minmay_ruffians
D:7:      nzn_winding_woodlands_stair_cross
          [nzn_winding_woodlands_5x15_split_checker,
          nzn_winding_woodlands_center_pierced_h,
          nzn_winding_woodlands_5x15_pathside_ponds,
          nzn_winding_woodlands_5x5_checkerboard,
          nzn_winding_woodlands_5x5_perimeter,
          nzn_winding_woodlands_5x15_sidewinder,
          nzn_winding_woodlands_center_lodge,
          nzn_winding_woodlands_5x15_garden], layout_loops_ring,
          minmay_temple_entry_slanted, ebering_ghost_xom,
          amcnicky_mini_rare_corridor_liquid, grunt_ministairs_1, uniq_maurice
D:8:      layout_basic, enter_bailey_5, ebering_ghost_reflecting_pool

Skill      XL: |  1  2  3  4  5  6  7  8  9 |
---------------+----------------------------+-----
Spellcasting   | 3 4 5 6 |  6.0
Translocations | 1 2 3 4 |  4.0
Summonings     | 4 5 |  5.9
Fire Magic     | 1 2 3 5 |  5.0
Shields        | 1 3 5 |  5.0
Air Magic      | 1 2 |  2.7
Necromancy     | 1 |  1.1
Dodging        | |  2.6
Stealth        | |  3.0

Action                     |  1- 3 |  4- 6 |  7- 9 || total
---------------------------+-------+-------+-------++-------
  Melee: Dagger            |    35 |     3 |       ||    38
         Unarmed           |     3 |    28 |       ||    31
         War axe           |       |     2 |       ||     2
         Falchion          |       |    67 |    32 ||    99
         Whip              |       |       |    23 ||    23
         Rapier            |       |       |    61 ||    61
   Cast: Summon Small Mamm |    17 |     1 |     2 ||    20
         Call Imp          |    29 |    20 |    32 ||    81
         Call Canine Famil |     1 |    11 |    53 ||    65
         Blink             |       |     9 |     1 ||    10
         Summon Blazeheart |       |       |     2 ||     2
  Evoke: Wand              |       |       |     8 ||     8
    Use: Scroll            |     1 |     9 |     6 ||    16
         Potion            |       |     2 |     8 ||    10
   Stab: Sleeping          |       |     3 |     4 ||     7
         Distracted        |       |       |     1 ||     1
 Armour: Robe              |    22 |    37 |    93 ||   152
         Skin              |       |    60 |       ||    60
  Dodge: Dodged            |    50 |   101 |   130 ||   281
  Block: Buckler           |       |     7 |    33 ||    40

Table legend: (Time is in decaauts)
 A = Elapsed time spent in this place.
 B = Non-inter-level travel time spent in this place.
 C = Inter-level travel time spent in this place.
 D = Time resting spent in this place.
 E = Time spent auto-exploring this place.
 F = Levels seen in this place.
 G = Mean time per level.
                   A        B        C        D        E       F      G
               +--------+--------+--------+--------+--------+-----+--------+
         Total |   6868 |   6735 |    133 |   1303 |   3083 |   8 |  858.5 |
       Dungeon |   6868 |   6735 |    133 |   1303 |   3083 |   8 |  858.5 |
               +--------+--------+--------+--------+--------+-----+--------+

Top non-repeatable levels by time:
     D:5: 1273 daAuts
     D:1: 1150 daAuts
     D:7: 1121 daAuts
     D:6: 1021 daAuts
     D:3: 657 daAuts
     D:4: 643 daAuts
     D:2: 634 daAuts
     D:8: 366 daAuts
